 Dungeon Sprint DCSS version 0.23.0 (webtiles) character file.

Game seed: 17177944282321828327

1300000 Fang the Fighter (level 11, -20/104 HPs)
             Began as a Demonspawn Gladiator on Feb 13, 2019.
             Was an Initiate of Makhleb.
             Demolished by a meat berserker
             ... wielding a +9 battleaxe
              (53 damage)
             ... in the Dungeon (Sprint VIII: "Arena of Blood").
             The game lasted 00:00:18 (13 turns).

Fang the Fighter (Demonspawn Gladiator)               Turns: 13, Time: 00:00:18

Health: -20/104    AC:  4    Str: 18    XL:     11   Next: 71%
Magic:  11/11      EV: 21    Int:  9    God:    Makhleb [......]
Gold:   0          SH:  0    Dex: 15    Spells: 10/10 levels left

rFire    . . .     SeeInvis .   l - +∞ Axe of Woe
rCold    . . .     Gourm    .   (shield currently unavailable)
rNeg     . . .     Faith    .   b - +0 leather armour
rPois    .         Spirit   .   (helmet unavailable)
rElec    .         Reflect  .   (no cloak)
rCorr    .         Harm     .   (no gloves)
MR       .....     NoTele   +   (no boots)
Stlth    ++........             (no amulet)
HPRegen  0.27/turn              (no ring)
MPRegen  0.12/turn              (no ring)

@: no status effects
A: horns 3, rugged brown scales 1, demonic guardian 1, nightstalker 1
a: Renounce Religion


You were in the Dungeon.
You worshipped Makhleb.
Makhleb was noncommittal.
You were not hungry.

You visited 1 branch

Inventory:

Hand Weapons
 a - a +0 war axe
 l - the +∞ Axe of Woe (weapon)
   (You found it in the Dungeon)
Missiles
 d - 3 throwing nets (quivered)
Armour
 b - a +0 leather armour (worn)
 c - a +0 helmet
Scrolls
 k - a scroll of blinking
Potions
 e - a potion of curing
 g - a potion of heal wounds
 h - a potion of haste
 i - 2 potions of magic
 j - a potion of berserk rage
Comestibles
 f - a ration


   Skills:
 + Level 14.6 Fighting
 + Level 13.7 Axes
 + Level 13.6 Throwing
 + Level 13.7 Dodging


You had 10 spell levels left.
You didn't know any spells.
Your spell library was empty.

Dungeon Overview and Level Annotations

Branches:
Dungeon (1/1)

Altars:
Makhleb


Innate Abilities, Weirdness & Mutations

You have a pair of large horns on your head.
You are partially covered in rugged brown scales. (AC +1, +3% HP)
A weak demonic guardian rushes to your aid.
You are slightly more attuned to the shadows.


Message History

Rugged brown scales grow over part of your body.
You have reached level 8!
You feel stronger.
You have reached level 9!
Your experience leads to an increase in your attributes!
Increase (S)trength, (I)ntelligence, or (D)exterity?
You feel stronger.
Your demonic ancestry asserts itself...
The horns on your head grow some more.
You have reached level 10!
Your demonic ancestry asserts itself...
You slip into the darkness of the dungeon.
You have reached level 11!
You hear a shout! x8
The bag of meat hits you with a +9 war axe!!
You hear a shout!
The bag of meat hits you with a +9 war axe!!
You hear a shout! x5
The meat berserker hits you with a +9 battleaxe!!!
Ouch! That really hurt!
You die...

......... #...
...# o #...
...# . ..###...
...###..
......###......
......_..5...
#...o.# #_.o.@#
#...)O#
......_......
......###......
o.###...
...###.. . #...
...# . #...
..o# .........


You could see a meat berserker (berserk), 3 bags of meat and a friendly shadow
imp.

Vanquished Creatures
  An orc (D)
1 creature vanquished.

Notes
Turn   | Place    | Note
-------+----------+-------------------------------------------
     0 | D        | Found the +∞ Axe of Woe
     0 | D        | Fang the Demonspawn Gladiator began the quest for the Orb.
     0 | D        | Reached XP level 1. HP: 16/16 MP: 1/1
     2 | D        | Noticed a bag of meat
     4 | D        | Became a worshipper of Makhleb the Destroyer
     5 | D        | Noticed a bag of meat
     5 | D        | Noticed a bag of meat
     5 | D        | Noticed a bag of meat
     6 | D        | Noticed a bag of meat
     9 | D        | Noticed a meat berserker
    10 | D        | Noticed a bag of meat
    11 | D        | Noticed a bag of meat
    12 | D        | Killed a bag of meat
    12 | D        | Reached skill level 14 in Fighting
    12 | D        | Gained mutation: You have a pair of small horns on your
                  | head. [demonic ancestry]
    12 | D        | Reached XP level 2. HP: 43/43 MP: 2/2
    12 | D        | Reached XP level 3. HP: 49/49 MP: 3/3
    12 | D        | Gained mutation: A weak demonic guardian rushes to your
                  | aid. [demonic ancestry]
    12 | D        | Reached XP level 4. HP: 56/56 MP: 4/4
    12 | D        | Gained mutation: You have a pair of horns on your head.
                  | [demonic ancestry]
    12 | D        | Reached XP level 5. HP: 62/62 MP: 5/5
    12 | D        | Reached XP level 6. HP: 69/69 MP: 6/6
    12 | D        | Gained mutation: You are partially covered in rugged brown
                  | scales. (AC +1, +3% HP) [demonic ancestry]
    12 | D        | Reached XP level 7. HP: 69/77 MP: 7/7
    12 | D        | Reached XP level 8. HP: 75/84 MP: 8/8
    12 | D        | Gained mutation: You have a pair of large horns on your
                  | head. [demonic ancestry]
    12 | D        | Reached XP level 9. HP: 80/90 MP: 9/9
    12 | D        | Gained mutation: You are slightly more attuned to the
                  | shadows. [demonic ancestry]
    12 | D        | Reached XP level 10. HP: 86/97 MP: 10/10
    12 | D        | Reached XP level 11. HP: 93/104 MP: 11/11
    13 | D        | Demolished by a meat berserker

Skill      XL: |  1 |
---------------+----+-----
Fighting       | 14 | 14.6
Axes           | 13 | 13.7
Throwing       | 13 | 13.6
Dodging        | 13 | 13.7

Action                   |  1- 3 |  4- 6 |  7- 9 | 10-12 || total
-------------------------+-------+-------+-------+-------++-------
Melee: Executioner's axe |     1 |       |       |       ||     1
